 Dungeon Crawl Stone Soup version 0.24-a0-439-g6dd8730de2 (webtiles) character file.

Game seed: 16620616832108974039

1366 ivs the Basher (level 8, -8/70 HPs)
             Began as a Minotaur Monk on June 19, 2019.
             Was a Priest of Okawaru.
             Mangled by an ogre
             ... wielding a +0 giant club
              (21 damage)
             ... on level 7 of the Dungeon.
             The game lasted 00:24:16 (1831 turns).

ivs the Basher (Minotaur Monk)                      Turns: 1831, Time: 00:24:16

Health: -8/70      AC: 10    Str: 18    XL:     8   Next: 38%
Magic:  8/8        EV:  6    Int:  7    God:    Okawaru [***...]
Gold:   220        SH:  0    Dex: 13    Spells: 7/7 levels left

rFire    . . .     SeeInvis .   l - +4 morningstar
rCold    . . .     Gourm    .   (no shield)
rNeg     . . .     Faith    .   f - +0 plate armour
rPois    .         Spirit   .   (helmet restricted)
rElec    .         Reflect  .   (no cloak)
rCorr    .         Harm     .   (no gloves)
MR       .....                  (no boots)
Stlth    ..........             (no amulet)
HPRegen  0.21/turn              (no ring)
MPRegen  0.11/turn              (no ring)

@: no status effects
A: retaliatory headbutt, horns 2
a: Heroism, Renounce Religion


You were on level 7 of the Dungeon.
You worshipped Okawaru.
Okawaru was most pleased with you.
You were not hungry.

You visited 1 branch of the dungeon, and saw 7 of its levels.

You collected 220 gold pieces.

Inventory:

Hand Weapons
 l - a +4 morningstar (weapon)
Armour
 f - a +0 plate armour (worn)
Jewellery
 H - an uncursed amulet of harm
Scrolls
 h - a scroll of fog
 i - a scroll of teleportation
 k - a scroll of amnesia {unknown}
Potions
 g - a potion of lignification
Comestibles
 c - 5 rations


   Skills:
 - Level 6.0 Fighting
 * Level 11.3 Maces & Flails
 - Level 3.2 Dodging
 - Level 1.5 Stealth
 - Level 2.1 Invocations


You had 7 spell levels left.
You didn't know any spells.
Your spell library was empty.

Dungeon Overview and Level Annotations

Branches:
Dungeon (7/15)
 Temple: D:4-7

Altars:
Okawaru
Qazlal

Annotations:
D:7 Prince Ribbit


Innate Abilities, Weirdness & Mutations

You reflexively headbutt those who attack you in melee.
You have a pair of horns on your head.


Message History

Enter command to be repeated: All of the chunks of flesh in your inventory have rotted away.
An ogre comes into view. It is wielding a +0 giant club.
The ogre shouts!
Found a silvery potion.
The ogre hits you with a +0 giant club.
You hit the ogre.
The ogre is moderately wounded.
The ogre hits you with a +0 giant club!
* * * LOW HITPOINT WARNING * * *
You sock the ogre! Your headbutt misses the ogre.
The ogre is heavily wounded.
The ogre hits you with a +0 giant club!
* * * LOW HITPOINT WARNING * * *
You barely miss the ogre. You headbutt the ogre!
The ogre is almost dead.
Your plate armour prevents you from hitting the ogre.
The ogre is almost dead.
The ogre hits you with a +0 giant club!!
You die...

..).#.##.##.......#
.##.#o##..'.......#
.##.#Y#####.......#
###.#.....Y...#####
# #.############# #
#.............# #
#############.# #
#.#### # #####
#.@O!+ #...# ######
#...# #...# #...#
#...# #...# #...#
###...#


You could see an ogre.

Vanquished Creatures
  2 ice beasts
  3 sky beasts (D:7)
  An ogre (D:7)
  A phantom (D:6)
  2 bullfrogs
  A scorpion (D:5)
  4 wights
  A jelly (D:3)
  A hound (D:6)
  2 orc priests (D:7)
  A centaur skeleton (D:5)
  2 orc wizards (D:7)
  Jessica (D:2)
  2 worker ants
  2 hound skeletons
  4 adders
  A shadow imp (D:5)
  2 adder skeletons
  A worm (D:2)
  A dart slug (D:4)
  9 orcs
  4 bats
  3 giant cockroaches
  2 goblins (D:3)
  7 hobgoblins
  3 jackals (D:2)
  A ball python (D:5)
  A frilled lizard (D:3)
  5 kobolds
  4 rats
74 creatures vanquished.

Notes
Turn   | Place    | Note
-------+----------+-------------------------------------------
     0 | D:1      | ivs the Minotaur Monk began the quest for the Orb.
     0 | D:1      | Reached XP level 1. HP: 19/19 MP: 0/0
    71 | D:1      | Reached skill level 4 in Maces & Flails
   133 | D:2      | Reached XP level 2. HP: 26/26 MP: 1/1
   158 | D:2      | Noticed Jessica
   182 | D:2      | Killed Jessica
   182 | D:2      | Reached skill level 5 in Maces & Flails
   182 | D:2      | Reached XP level 3. HP: 24/31 MP: 2/2
   358 | D:3      | Reached XP level 4. HP: 5/39 MP: 3/3
   451 | D:3      | Reached skill level 6 in Maces & Flails
   659 | D:4      | Found a stormy altar of Qazlal.
   769 | D:5      | Entered Level 5 of the Dungeon
   954 | D:5      | Noticed an ice beast
   971 | D:5      | Killed an ice beast
   971 | D:5      | Reached skill level 7 in Maces & Flails
   971 | D:5      | Reached XP level 5. HP: 35/46 MP: 4/4
   991 | D:5      | Found an iron altar of Okawaru.
   998 | D:5      | Became a worshipper of Warmaster Okawaru
   998 | D:5      | Reached * piety under Okawaru
   998 | D:5      | Reached ** piety under Okawaru
  1034 | D:5      | Reached XP level 6. HP: 37/52 MP: 5/5
  1065 | D:6      | Reached skill level 1 in Invocations
  1100 | D:6      | Reached skill level 8 in Maces & Flails
  1292 | D:5      | Reached XP level 7. HP: 52/60 MP: 7/7
  1356 | D:6      | Reached skill level 9 in Maces & Flails
  1366 | D:6      | Reached skill level 5 in Fighting
  1381 | D:7      | Reached *** piety under Okawaru
  1504 | D:7      | Reached skill level 10 in Maces & Flails
  1514 | D:7      | Reached XP level 8. HP: 34/70 MP: 5/8
  1560 | D:7      | Noticed Prince Ribbit
  1652 | D:7      | Reached skill level 11 in Maces & Flails
  1653 | D:7      | HP: 1/70 [ice beast (13)]
  1831 | D:7      | Mangled by an ogre

Levels and vault maps discovered:
D:1:      psy_arrival_radial01, layout_basic
D:2:      layout_basic, minmay_misc_feat_four_crosses, item_on_display_a,
          uniq_crazy_yiuf_cottage, uniq_jessica
D:3:      layout_basic, first_ration
D:4:      layout_basic, nicolae_qazlal_general_emergency
D:5:      layout_cave_pods, basic_altar
D:6:      layout_basic, minmay_temple_entry_slanted, minmay_crystal_room,
          tso_metal_star, uniq_edmund
D:7:      layout_basic, the_bakery, uniq_prince_ribbit1

Skill      XL: |  1  2  3  4  5  6  7  8 |
---------------+-------------------------+-----
Maces & Flails | 4 5 7 8 10 11 | 11.3
Fighting       | 4 6 |  6.0
Invocations    | 2 |  2.1
Dodging        | |  3.2
Stealth        | |  1.5

Action                   |  1- 3 |  4- 6 |  7- 9 || total
-------------------------+-------+-------+-------++-------
Melee: Mace              |    57 |       |       ||    57
       Headbutt          |    11 |    18 |    16 ||    45
       Flail             |    10 |   100 |     8 ||   118
       Morningstar       |       |       |    86 ||    86
       Punch             |       |       |     1 ||     1
Invok: Heroism           |       |       |     5 ||     5
  Use: Scroll            |       |     7 |     1 ||     8
       Potion            |       |     1 |     3 ||     4
 Stab: Sleeping          |     1 |       |       ||     1
  Eat: Chunk             |       |     1 |     2 ||     3
Armor: Ring mail         |    12 |     2 |       ||    14
       Plate armour      |       |    44 |    34 ||    78
       Skin              |       |       |     9 ||     9
Dodge: Dodged            |    37 |    20 |    16 ||    73

Table legend:
 A = Non-vault XP
 B = Vault XP
 C = Vault XP percentage of total XP
 D = Non-vault monster count
 E = Vault monster count
 F = Vault count percentage of total count
                 A         B        C        D         E       F
            +---------+---------+-------+---------+---------+-------
      Total |    1915 |      37 |   1.9 |      73 |       1 |   1.4
            +---------+---------+-------+---------+---------+-------
        D:1 |       6 |       0 |   0.0 |       4 |       0 |   0.0
        D:2 |      39 |      37 |  48.7 |      14 |       1 |   6.7
        D:3 |      96 |       0 |   0.0 |      17 |       0 |   0.0
        D:4 |      25 |       0 |   0.0 |       3 |       0 |   0.0
        D:5 |     321 |       0 |   0.0 |       9 |       0 |   0.0
        D:6 |     482 |       0 |   0.0 |       9 |       0 |   0.0
        D:7 |     946 |       0 |   0.0 |      17 |       0 |   0.0
            +---------+---------+-------+---------+---------+-------
